 Dungeon Crawl Stone Soup version 0.31-a0-1074-g0b22e4e0f1 (webtiles) character file.

Game seed: 5123913759114249074

6328 croobank the Mimic (level 10, 0/71 HPs)
             Began as an Octopode Shapeshifter on Dec 8, 2023.
             Was a Follower of Ashenzari.
             Slain by a howler monkey (1 damage)
             ... on level 9 of the Dungeon.
             The game lasted 00:33:27 (11587 turns).

croobank the Mimic (Octopode Shapeshifter)         Turns: 11587, Time: 00:33:27

Health: 0/71       AC:  1    Str: 14    XL:     10   Next: 95%
Magic:  13/13      EV: 15    Int: 17    God:    Ashenzari [*.....]
Gold:   290        SH:  0    Dex: 11    Spells: 10/13 levels left

rFire   . .          .
                       - Unarmed
rCold   . . .        (no shield)
rNeg    + . .        (helmet currently unavailable)
rPois   +            (no amulet)
rElec   .            i - ring of the Fated Stickiness {rN+, Elem, Range} (curse)
rCorr   +            (no ring)
SInv    .            E - ring of Ashenzari's Seer {rPois, Elem, Alch} (curse)
Will    .....        q - ring of resist corrosion
Stlth   ++           (no ring)
HPRegen 0.31/turn    (no ring)
MPRegen 0.13/turn    (no ring)
                     (no ring)

%: no passive effects
@: beast-form, hasted, very quick
A: beast (slay +4), almost no armour, amphibious, 8 rings, camouflage 1,
gelatinous body 1, (nimble swimmer 1), tentacles
a: Begin Untransformation, Renounce Religion, Shatter the Chains


You were on level 9 of the Dungeon.
You worshipped Ashenzari.
Ashenzari was aware of your devotion.
You were a hulking beast.
You visited 1 branch of the dungeon, and saw 9 of its levels.
You also visited: Ossuary.

You collected 418 gold pieces.
You spent 128 gold pieces at shops.

Inventory:

Hand Weapons
 b - the +4 sling of Rumis {freeze, rPois rCorr Int-4 SInv}
   (You found it on level 5 of the Dungeon)

   Int-4:     It affects your intelligence (-4).
   rPois:     It protects you from poison SInv: It lets you see invisible.
   rCorr:     It protects you from acid and corrosion.
 p - a +1 short sword
 D - a +3 whip of flaming
 I - a +4 dagger
Missiles
 d - 4 curare-tipped darts
 j - 13 boomerangs (quivered)
 y - 6 atropa-tipped darts
 F - 4 javelins
 H - 4 poisoned darts
Jewellery
 i - the cursed ring of the Fated Stickiness (left tentacle) {rN+, Elem, Range}
   (You found it on level 1 of the Dungeon)

   [ring of positive energy]

   rN+:       It protects you from negative energy.
   It has a curse which improves the following skills: Elements: Fire Magic, Ice
   Magic, Air Magic and Earth Magic.
   Ranged Combat: Ranged Weapons and Throwing.
 m - a ring of ice
 q - a ring of resist corrosion (on tentacle)
 E - the cursed ring of Ashenzari's Seer (on tentacle) {rPois, Elem, Alch}
   (You found it on level 6 of the Dungeon)

   [ring of poison resistance]

   rPois:     It protects you from poison It has a curse which improves the
   following skills: Elements: Fire Magic, Ice Magic, Air Magic and Earth Magic.
   Alchemy:   Poison Magic and Transmutations.
Talismans
 c - a flux talisman
 f - a beast talisman
Wands
 w - a wand of iceblast (8)
 z - a wand of quicksilver (6)
 G - a wand of flame (16)
 N - a wand of digging (4)
Scrolls
 e - 2 scrolls of teleportation
 g - 2 scrolls of vulnerability
 k - a scroll of blinking
 l - a scroll of poison
 r - 2 scrolls of revelation
 t - 3 scrolls of enchant armour
 B - a scroll of noise
 J - 3 scrolls of identify
 K - a scroll of fog
Potions
 a - 2 potions of lignification
 h - 3 potions of brilliance
 s - a potion of cancellation
 u - 3 potions of magic
 v - a potion of might
 x - a potion of attraction
 C - a potion of enlightenment
 L - 2 potions of invisibility


   Skills:
 + Level 7.0 Fighting
 + Level 7.3 Dodging
 + Level 7.7 Unarmed Combat
 * Level 2.4 Spellcasting
 * Level 2.6 Hexes
 * Level 9.6 Shapeshifting


You had 10 spell levels left.
You knew the following spells:

 Your Spells              Type           Power      Damage    Failure   Level
a - Confusing Touch       Hex            11%        N/A       19%         3

Your spell library contained the following spells:

 Spells                   Type           Power      Damage    Failure   Level
 Slow                     Hex            44%        N/A       6%          1
 Magic Dart               Conj           8%         1d3       19%         1
 Sigil of Binding         Hex            11%        N/A       19%         3
 Call Imp                 Summ           4%         N/A       28%         2
 Mephitic Cloud           Conj/Pois/Air  2%         N/A       47%         3
 Stone Arrow              Conj/Erth      4%         3d7       47%         3
 Vampiric Draining        Necr           2%         2d6       50%         3
 Lehudib's Crystal Spear  Conj/Erth      1%         10d2      100%        8
 Animate Armour           Summ/Erth      Unusable   N/A       N/A         4

Dungeon Overview and Level Annotations

Branches:
Dungeon (9/15)             Temple (0/1) D:7         Ossuary (visited)
   Lair: D:8-11         Orc: D:9-12

Altars:
Ashenzari
Cheibriados
Hepliaklqana
Makhleb
Vehumet
Wu Jian
Xom

Shops:
D:3 [(::!   D:6 ?

Annotations:
D:8 exclusion: door


Innate Abilities, Weirdness & Mutations

You are a hulking beast.
Your limbs bulge with bestial killing power. (Slay +4)
You cannot wear most types of armour.
You are amphibious.
You can wear up to eight rings at the same time.
Your skin changes colour to match your surroundings (Stealth+).
Your rubbery body absorbs attacks. (AC +1, EV +1)
((You are camouflaged when in or above water. (Stealth+)))
You have tentacles for arms and can constrict up to eight enemies at once.


Message History

The orc warrior shoots an arrow.
The arrow hits you! The howler monkey misses you.
The howler monkey barely misses you.
The orc warrior shoots an arrow.
The arrow barely misses you.
The howler monkey attacks as it pursues you!
The howler monkey closely misses you.
The orc warrior unwields a +0 orcbow.
The orc warrior wields a +0 trident.
The orc warrior hits you with a +0 trident!
You barely miss the orc warrior. You grab the orc warrior.
You constrict the orc warrior. The howler monkey hits you.
The orc warrior misses you.
You tentacle-slap the orc warrior.
The orc warrior is moderately wounded.
You constrict the orc warrior. The orc hits you with a +0 falchion.
The howler monkey misses you.
You tentacle-slap the orc warrior.
You squeeze the orc warrior, but do no damage.
The orc warrior is heavily wounded.
You constrict the orc warrior, but do no damage.
The orc warrior hits you with a +0 trident!
* * * LOW HITPOINT WARNING * * *
The orc barely misses you. The howler monkey misses you.
You tentacle-slap the orc warrior.
The orc warrior is heavily wounded.
You constrict the orc warrior, but do no damage.
The orc warrior barely misses you.
The howler monkey hits you but does no damage.
The orc hits you with a +0 falchion.
* * * LOW HITPOINT WARNING * * *
You feel better.
You constrict the orc warrior. The howler monkey hits you.
* * * LOW HITPOINT WARNING * * *
The orc warrior hits you with a +0 trident.
* * * LOW HITPOINT WARNING * * *
The orc barely misses you.
You feel yourself speed up.
You constrict the orc warrior. The howler monkey closely misses you.
The orc warrior hits you with a +0 trident!
* * * LOW HITPOINT WARNING * * *
The orc misses you. The howler monkey hits you.
You die...

#...#############†############
#.............................
#.............................
#............>...........~≈...
##.....................~~≈≈...
#...~≈..................~~...
#..~≈~.......................
#...~.........)..............
#..........hho..~~~~.....~~..
#####............o.≈≈≈~.....~~...
#...#.............~~≈≈~....~~~...
#...#.............≈≈≈≈≈≈[..~.....
#...#.............≈≈≈≈≈≈~........
#...#.......~≈~..~≈≈≈≈≈~~........
#......~~...~~~....~≈≈≈≈.........
#......~~...~~.....≈~≈≈~.......~.
#.........~≈≈~~.....~~≈~.........


You could see an orc warrior, a howler monkey and an orc.

Vanquished Creatures
  A two-headed ogre (D:7)
  Pikel (D:8)
  5 yaks (D:9)
  2 wyverns (D:9)
  2 steam dragons (D:7)
  Menkaure (D:6)
  A water moccasin (D:6)
  5 ice beasts
  3 orc warriors
  2 ogres
  5 centaurs
  A phantom (D:6)
  A lemure (D:8)
  Blork the orc (D:4)
  3 bullfrogs
  A necrophage (D:5)
  A gnoll sergeant (D:7)
  4 scorpions
  8 wights
  4 killer bees
  An electric eel (D:9)
  4 jellies
  2 howler monkeys
  6 hounds
  4 orc priests
  A gnoll bouda (D:7)
  A sleepcap (D:7)
  7 orc wizards
  2 iguanas
  A hound skeleton (D:5)
  2 mummies
  4 adders (D:6)
  14 gnolls
  A shadow imp (D:7)
  A white imp (D:7)
  3 ufetubi
  2 worms
  6 dart slugs
  20 orcs
  3 spectral bats (Ossuary)
  8 ball pythons
  5 bats
  7 endoplasms
  2 giant cockroaches (D:1)
  6 goblins
  11 hobgoblins
  4 jackals
  4 quokkas
  7 bat simulacra (Ossuary)
  3 frilled lizards
  12 gnoll zombies (Ossuary)
  2 goblin simulacra (Ossuary)
  7 goblin zombies (Ossuary)
  5 hobgoblin zombies (Ossuary)
  5 kobolds
  4 kobold simulacra (Ossuary)
  4 kobold zombies (Ossuary)
  2 orc zombies (Ossuary)
  4 rats
  2 rat simulacra (Ossuary)
  3 spectral goblins (Ossuary)
  2 spectral kobolds (Ossuary)
  A spectral rat (Ossuary)
247 creatures vanquished.

Vanquished Creatures (others)
  2 killer bees (D:8)
  A white imp (D:7)
3 creatures vanquished.

Grand Total: 250 creatures vanquished

Notes
Turn   | Place    | Note
-------+----------+-------------------------------------------
     0 | D:1      | croobank the Octopode Shapeshifter began the quest for the
                  | Orb.
     0 | D:1      | Reached XP level 1. HP: 13/13 MP: 1/1
   131 | D:1      | Reached XP level 2. HP: 18/18 MP: 2/2
   558 | D:1      | Reached XP level 3. HP: 23/23 MP: 3/3
  1163 | D:2      | Reached XP level 4. HP: 23/29 MP: 4/4
  1634 | D:3      | Found Eceyps's Book Emporium.
  1758 | D:3      | Found Biju's Book Shoppe.
  1810 | D:3      | Found a hazy altar of Hepliaklqana.
  1823 | D:3      | Found Cibrep's Weapon Emporium.
  1827 | D:3      | Found Qaom's Antique Armour Boutique.
  2087 | D:3      | Found Gouzatyf's Distillery.
  2095 | D:3      | Bought a potion of might for 40 gold pieces
  2303 | D:4      | Reached skill level 4 in Shapeshifting
  2303 | D:4      | Reached XP level 5. HP: 26/35 MP: 5/5
  2453 | D:4      | Found a sand-covered staircase.
  2469 | Ossuary  | Entered an ossuary
  2843 | Ossuary  | Reached XP level 6. HP: 41/41 MP: 6/6
  3096 | D:4      | Noticed Blork the orc
  3105 | D:4      | Killed Blork the orc
  3389 | D:4      | Found a shimmering altar of Xom.
  3625 | D:5      | Entered Level 5 of the Dungeon
  3635 | D:5      | Reached skill level 5 in Shapeshifting
  3635 | D:5      | Reached XP level 7. HP: 46/46 MP: 7/7
  3704 | D:5      | Identified the +4 sling of Rumis {freeze, rPois rCorr Int-4
                  | SInv}
  4232 | D:5      | Found a burning altar of Makhleb.
  4334 | D:5      | Found a snail-covered altar of Cheibriados.
  4661 | D:6      | Reached XP level 8. HP: 50/54 MP: 8/8
  4669 | D:6      | Reached skill level 5 in Unarmed Combat
  4733 | D:6      | Reached skill level 6 in Shapeshifting
  5398 | D:6      | Found a broken altar of Ashenzari.
  5406 | D:6      | Became a worshipper of Ashenzari the Shackled
  5498 | D:6      | Reached skill level 5 in Dodging
  5659 | D:6      | Found Myroxkio's Magic Scroll Shop.
  5662 | D:6      | Bought a scroll of teleportation for 33 gold pieces
  5662 | D:6      | Bought a scroll of identify for 22 gold pieces
  5662 | D:6      | Bought a scroll of teleportation for 33 gold pieces
  5779 | D:6      | Noticed Menkaure
  5786 | D:6      | Killed Menkaure
  5787 | D:6      | Reached skill level 7 in Shapeshifting
  5811 | D:6      | Reached XP level 9. HP: 50/60 MP: 9/9
  5888 | D:6      | Reached skill level 5 in Fighting
  7532 | D:7      | Reached skill level 8 in Shapeshifting
  7699 | D:7      | Found a staircase to the Ecumenical Temple.
  7766 | D:7      | Identified the +1 great sword of Parts Unknown {freeze,
                  | Dex+3}
  7770 | D:7      | Noticed a two-headed ogre
  7777 | D:7      | Killed a two-headed ogre
  7811 | D:7      | Reached XP level 10. HP: 21/68 MP: 10/10
  8264 | D:8      | Noticed Pikel
  8279 | D:8      | Killed Pikel
  8280 | D:8      | Reached skill level 9 in Shapeshifting
  8593 | D:8      | Found a radiant altar of Vehumet.
  8594 | D:8      | Found an ornate altar of the Wu Jian Council.
  8747 | D:8      | Reached * piety under Ashenzari
  9245 | D:8      | Learned a level 3 spell: Confusing Touch
  9541 | D:8      | Reached skill level 1 in Spellcasting
  9541 | D:8      | Reached skill level 1 in Hexes
 11572 | D:9      | Identified the +2 leather armour of the Game of Life {rF+}
 11587 | D:9      | HP: 1/71 [orc warrior/+0 trident (11)]
 11587 | D:9      | Slain by a howler monkey

Illustrated notes

Levels and vault maps discovered:
D:1:      scummos_arrival_simple_crosswalls, layout_basic,
          nicolae_concentric_dashed_squares_mild
D:2:      layout_loops_ring, minmay_pentomino_o4
D:3:      minmay_door_path, layout_basic, mainiacjoe_overflow_chevrons,
          serial_shops, shop, nicolae_shop_tiny_statue_garden,
          nicolae_shop_stone, shop, nicolae_shop_rolling_square
D:4:      layout_cave_pools, mainiacjoe_overflow_six_doors_small,
          gup_ossuary_entry_pyramid, uniq_blork_the_orc
D:5:      layout_loops_ring, makhleb_blood_cavern_becter,
          mainiacjoe_overflow_alcove_1, amethyst_killhole
D:6:      layout_loops_corners, ashenzari_altar_1, serial_shops,
          nicolae_shop_real_fake_doors, dreamdust_princess_corridor,
          uniq_menkaure
D:7:      minmay_clustersquares, layout_layer_cave, temple_pool_b
D:8:      layout_loops_cross, nicolae_overflow_two_pavilions,
          hangedman_incinerator, uniq_pikel
D:9:      layout_basic

Skill      XL: |  1  2  3  4  5  6  7  8  9 10 |
---------------+-------------------------------+-----
Fighting       | 2 3 4 6 7 |  7.0
Dodging        | 3 4 5 6 7 |  7.3
Shapeshifting  | 4 5 7 8 9 |  9.6
Unarmed Combat | 4 5 6 7 |  7.7
Spellcasting   | 2 |  2.4
Hexes          | 2 |  2.6

Action                     |  1- 3 |  4- 6 |  7- 9 | 10-12 || total
---------------------------+-------+-------+-------+-------++-------
  Melee: Unarmed           |    89 |   190 |    47 |   160 ||   486
         Constrict         |    23 |    52 |    18 |    24 ||   117
         Tentacles         |    11 |    47 |    38 |    39 ||   135
         Punch             |     1 |     5 |    10 |     7 ||    23
         Whip              |       |       |    75 |       ||    75
         Short sword       |       |       |     1 |       ||     1
   Fire: Sling             |       |       |    50 |    13 ||    63
         Orcbow            |       |       |     8 |       ||     8
  Throw: Boomerang         |       |     5 |       |     3 ||     8
         Dart              |       |       |     2 |       ||     2
         Throwing net      |       |       |     1 |       ||     1
   Cast: Confusing Touch   |       |       |       |     4 ||     4
 Invoke: Curse Item        |       |       |     1 |     1 ||     2
  Evoke: Wand              |       |       |     9 |    11 ||    20
    Use: Scroll            |     2 |     9 |     8 |     1 ||    20
         Potion            |       |     2 |     2 |     2 ||     6
   Stab: Sleeping          |    10 |    18 |     8 |     1 ||    37
         Confused          |       |       |       |     1 ||     1
 Armour: Skin              |    31 |    60 |    93 |   109 ||   293
  Dodge: Dodged            |    53 |   106 |   117 |   112 ||   388

Table legend: (Time is in decaauts)
 A = Elapsed time spent in this place.
 B = Non-inter-level travel time spent in this place.
 C = Inter-level travel time spent in this place.
 D = Time resting spent in this place.
 E = Time spent auto-exploring this place.
 F = Levels seen in this place.
 G = Mean time per level.
                   A        B        C        D        E       F      G
               +--------+--------+--------+--------+--------+-----+--------+
         Total |  11572 |  11232 |    340 |   3445 |   5886 |  10 | 1157.2 |
       Dungeon |  10973 |  10633 |    340 |   3307 |   5683 |   9 | 1219.2 |
       Ossuary |    599 |    599 |      0 |    137 |    203 |   1 |  599.0 |
               +--------+--------+--------+--------+--------+-----+--------+

Top non-repeatable levels by time:
     D:6: 1911 daAuts
     D:8: 1831 daAuts
     D:7: 1741 daAuts
     D:9: 1520 daAuts
     D:5: 960 daAuts
     D:2: 893 daAuts
     D:4: 760 daAuts
     D:1: 687 daAuts
     D:3: 665 daAuts
 Ossuary: 599 daAuts
